 Dungeon Crawl Stone Soup version 0.31-a0-949-g57150269e1 (webtiles) character file.

Game seed: 10226386068665694779

252 gelatine the Ruffian (level 5, 0/38 HPs)
             Began as a Demonspawn Shapeshifter on Oct 22, 2023.
             Slain by Pikel
             ... wielding a +2 whip of flaming
              (11 damage)
             ... on level 5 of the Dungeon.
             The game lasted 00:08:52 (3429 turns).

gelatine the Ruffian (Demonspawn Shapeshifter)      Turns: 3429, Time: 00:08:53

Health: 0/38       AC:  6    Str: 16    XL:     5   Next: 89%
Magic:  5/5        EV: 12    Int: 12    God:
Gold:   280        SH:  6    Dex: 14    Spells: 4/4 levels left

rFire   + .          .
                       - Unarmed
rCold   . . .        C - +2 buckler
rNeg    . . .        a - +0 animal skin
rPois   .            (helmet currently unavailable)
rElec   .            (cloak currently unavailable)
rCorr   .            (gloves currently unavailable)
SInv    .            (boots currently unavailable)
Will    .....        (no amulet)
Stlth   +++          o - +4 ring of protection
HPRegen 0.26/turn    (no ring)
MPRegen 0.09/turn

%: no passive effects
@: mighty, beast-form, hasted, very quick
A: beast (slay +2), antennae 2, thin skeletal structure 1, hooves 1, fire
resistance 1, high MP 1, noise suppression
a: Begin Untransformation


You were on level 5 of the Dungeon.
You were a hulking beast.
You visited 1 branch of the dungeon, and saw 5 of its levels.

You collected 280 gold pieces.

Inventory:

Missiles
 w - 7 stones (quivered)
 B - 16 poisoned darts
Armour
 a - a +0 animal skin (worn)
 h - a +0 helmet
 n - a +0 ring mail
 t - a +0 cloak of willpower
 z - a +0 leather armour
 C - a +2 buckler (worn)
Jewellery
 o - a +4 ring of protection (left hand)
 y - a ring of magical power
Talismans
 c - a beast talisman (active)
 d - a flux talisman
Scrolls
 f - 6 scrolls of identify {unknown}
 j - a scroll of revelation {unknown}
 m - a scroll of amnesia {unknown}
 r - a scroll of blinking {unknown}
 s - a scroll of poison {unknown}
 u - a scroll of acquirement {unknown}
 v - a scroll of immolation {unknown}
 x - 2 scrolls of teleportation {unknown}
 A - 2 scrolls of enchant armour {unknown}
Potions
 b - a potion of lignification
 g - 2 potions of haste
 i - a potion of might
 k - a potion of invisibility {unknown}
 l - a potion of attraction {unknown}
 p - a potion of heal wounds {unknown}
 q - 2 potions of curing {unknown}
 D - a potion of resistance {unknown}


   Skills:
 * Level 2.0 Fighting
 + Level 1.0 Throwing
 + Level 1.3 Armour
 + Level 2.3 Dodging
 + Level 1.1 Stealth
 + Level 4.0 Unarmed Combat
 * Level 3.7 Shapeshifting


You had 4 spell levels left.
You didn't know any spells.
Your spell library contained the following spells:

 Spells                   Type           Power      Damage    Failure   Level
 Kiss of Death            Conj/Necr      0%         2d5       41%         1
 Magic Dart               Conj           0%         1d3       41%         1
 Sandblast                Erth           0%         2d4       41%         1
 Passwall                 Tmut/Erth      0%         N/A       54%         2
 Searing Ray              Conj           0%         2d4       54%         2
 Confusing Touch          Hex            0%         N/A       78%         3
 Stone Arrow              Conj/Erth      0%         3d7       78%         3
 Brom's Barrelling Bould  Conj/Erth      0%         2d3       99%         4
 Dispel Undead            Necr           0%         3d6       99%         4
 Fulminant Prism          Conj/Hex       0%         3d5       99%         4


Dungeon Overview and Level Annotations

Branches:
Dungeon (5/15)
 Temple: D:4-7

Altars:

Annotations:
D:5 Pikel


Innate Abilities, Weirdness & Mutations

You are a hulking beast.
Your limbs bulge with bestial killing power. (Slay +2)
You have a pair of antennae on your head.
You have a somewhat thin skeletal structure. (Dex +2, Stealth+)
You have large cloven feet.
Your flesh is heat resistant. (rF+)
You have an increased reservoir of magic. (+10% MP)
You passively dampen the noise of your surroundings.


Message History

You hit the lemure but do no damage.
The lemure is lightly wounded.
The lemure hits you!
You closely miss the lemure.
The lemure is lightly wounded.
You block the lemure's attack.
You hit the lemure.
The lemure is moderately wounded.
It was a potion of mutation.
You feel extremely strange.
You feel your surroundings grow quieter.
You feel resistant to heat.
Your feet thicken and deform.
You feel more energetic.
You closely miss Pikel.
Pikel hits you with a +2 whip of flaming!
You hit Pikel but do no damage. You kick Pikel, but do no damage.
Pikel closely misses you.
You miss Pikel. Your kick misses Pikel. Pikel barely misses you.
You barely miss Pikel. Your kick misses Pikel.
Pikel hits you but does no damage.
You hit Pikel. You kick Pikel, but do no damage.
Pikel is lightly wounded.
Pikel hits you with a +2 whip of flaming!
* * * LOW HITPOINT WARNING * * *
Pikel burns you.
* * * LOW HITPOINT WARNING * * *
You punch Pikel! You kick Pikel, but do no damage.
Pikel is moderately wounded.
Pikel misses you.
It was a potion of haste.
You feel yourself speed up. You block Pikel's attack.
It was a potion of might.
You feel very mighty all of a sudden.
Pikel cracks his whip.
Pikel hits you but does no damage.
You hit Pikel. Your kick misses Pikel.
Pikel is moderately wounded.
You punch Pikel! You kick Pikel!
Pikel is almost dead.
Pikel hits you with a +2 whip of flaming!
You die...
Pikel says, "See you in Hell!"

##.#........#.
#..#.#.....?..
#..#..<.....#
#..#.......##
#...>......#
##5....K.#.#
#55{..5....#
#K##.#.....#
#h##.##....#
#.##.##....#
#.##.##....#
..##5###5#.##
..##.#......#
...##.#....###{
#####.#....#
#.#....#
#.<....# {


You could see Pikel and 3 lemures.

Vanquished Creatures
  2 jellies (D:4)
  An iguana (D:4)
  Jessica (D:2)
  An orc wizard (D:3)
  4 adders
  2 worms
  A dart slug (D:1)
  3 orcs
  5 ball pythons
  2 endoplasms
  2 giant cockroaches (D:3)
  9 hobgoblins
  4 quokkas
  6 bats
  3 frilled lizards
  10 goblins
  8 kobolds
  4 rats
68 creatures vanquished.

Notes
Turn   | Place    | Note
-------+----------+-------------------------------------------
     0 | D:1      | gelatine the Demonspawn Shapeshifter began the quest for
                  | the Orb.
     0 | D:1      | Reached XP level 1. HP: 15/15 MP: 1/1
   119 | D:1      | Found a faded altar of an unknown god.
   125 | D:1      | Gained mutation: You have a pair of small antennae on your
                  | head. [demonic ancestry]
   125 | D:1      | Reached XP level 2. HP: 10/21 MP: 2/2
   261 | D:1      | HP: 1/21 [constriction (1)]
   509 | D:1      | Reached skill level 3 in Unarmed Combat
   718 | D:1      | Gained mutation: You have a somewhat thin skeletal
                  | structure. (Dex +2, Stealth+) [demonic ancestry]
   718 | D:1      | Reached XP level 3. HP: 23/26 MP: 3/3
   827 | D:2      | Noticed Jessica
   842 | D:2      | Killed Jessica
   988 | D:2      | Gained mutation: You have a pair of antennae on your head.
                  | [demonic ancestry]
   988 | D:2      | Reached XP level 4. HP: 28/32 MP: 4/4
  2326 | D:4      | Reached skill level 1 in Stealth
  2400 | D:4      | Reached XP level 5. HP: 37/37 MP: 5/5
  2493 | D:4      | Reached skill level 1 in Armour
  2643 | D:4      | Reached skill level 4 in Unarmed Combat
  2888 | D:4      | Reached skill level 1 in Throwing
  3278 | D:5      | Identified the "Vyriyme"
  3278 | D:5      | Entered Level 5 of the Dungeon
  3278 | D:5      | Noticed Pikel
  3278 | D:5      | Noticed a lemure
  3278 | D:5      | Noticed a lemure
  3278 | D:5      | Noticed a lemure
  3278 | D:5      | Noticed a lemure
  3419 | D:5      | Gained mutation: You passively dampen the noise of your
                  | surroundings. [potion of mutation]
  3419 | D:5      | Gained mutation: Your flesh is heat resistant. (rF+)
                  | [potion of mutation]
  3419 | D:5      | Gained mutation: You have large cloven feet. [potion of
                  | mutation]
  3419 | D:5      | Gained mutation: You have an increased reservoir of magic.
                  | (+10% MP) [potion of mutation]
  3429 | D:5      | Slain by Pikel

Illustrated notes

Levels and vault maps discovered:
D:1:      lightli_arrival_chessboard, layout_basic,
          chequers_ecumenical_altar_simple, minmay_misc_feat_hallway
D:2:      minmay_door_path, layout_basic, dk_noncrumbling_4, uniq_jessica
D:3:      layout_rooms, st_stairs_5
D:4:      layout_loops_ring, patterned_corridor
D:5:      minmay_octagon_keep, layout_basic, lemuel_coloured_pillars_altar,
          kennysheep_generic_room_13, uniq_sigmund, uniq_crazy_yiuf_cottage,
          uniq_pikel

Skill      XL: |  1  2  3  4  5 |
---------------+----------------+-----
Shapeshifting  | 3 |  3.7
Unarmed Combat | 3 4 |  4.0
Dodging        | 2 |  2.3
Stealth        | 1 |  1.1
Armour         | 1 |  1.3
Fighting       | 2 |  2.0
Throwing       | 1 |  1.0

Action                     |  1- 3 |  4- 6 || total
---------------------------+-------+-------++-------
  Melee: Unarmed           |    94 |   152 ||   246
         Punch             |     2 |     3 ||     5
         Kick              |       |     4 ||     4
  Throw: Stone             |    14 |    31 ||    45
    Use: Potion            |       |     3 ||     3
   Stab: Sleeping          |     3 |     3 ||     6
 Armour: Animal skin       |    58 |    10 ||    68
         Ring mail         |       |    57 ||    57
         Leather armour    |       |    25 ||    25
  Dodge: Dodged            |    55 |    62 ||   117
  Block: Buckler           |       |     5 ||     5

Table legend: (Time is in decaauts)
 A = Elapsed time spent in this place.
 B = Non-inter-level travel time spent in this place.
 C = Inter-level travel time spent in this place.
 D = Time resting spent in this place.
 E = Time spent auto-exploring this place.
 F = Levels seen in this place.
 G = Mean time per level.
                   A        B        C        D        E       F      G
               +--------+--------+--------+--------+--------+-----+--------+
         Total |   3422 |   3153 |    269 |      0 |   2347 |   5 |  684.4 |
       Dungeon |   3422 |   3153 |    269 |      0 |   2347 |   5 |  684.4 |
               +--------+--------+--------+--------+--------+-----+--------+

Top non-repeatable levels by time:
     D:4: 1074 daAuts
     D:2: 921 daAuts
     D:1: 816 daAuts
     D:3: 542 daAuts
     D:5: 66 daAuts
